TOP OF THE 1ST |
Cleveland Indians batting - Pitching for Kansas City Royals : RHP Aaron Nola
|
Pitching: RHP Aaron Nola
|
|
Batting: LHB Jacoby Ellsbury
|
0-0: Called Strike 0-1: Ground out 4-3 (Groundball, 4)
|
Batting: LHB Matt Carpenter
|
0-0: Called Strike 0-1: Ball 1-1: Swinging Strike 1-2: Ball 2-2: Ball 3-2: Base on Balls
|
Batting: SHB Jose Ramirez
|
0-0: Ball 1-0: Called Strike 1-1: Swinging Strike 1-2: Fly out, F4 (Popup, 4M)
|
Batting: LHB Eric Hosmer
|
0-0: Called Strike 0-1: Foul Ball, location: 2F 0-2: Foul Ball, location: 2F 0-2: Ball 1-2: SINGLE (Groundball, 34D) Matt Carpenter to second Runner from 2nd tries for 3rd, OUT! 9-5
|
Top of the 1st over - 0 runs, 1 hit, 0 errors, 1 left on base; Cleveland 0 - Kansas City 0 |
BOTTOM OF THE 1ST |
Kansas City Royals batting - Pitching for Cleveland Indians : RHP Trevor Oaks
|
Pitching: RHP Trevor Oaks
|
|
Now at 3B: Jung-ho Kang
|
|
Batting: RHB Gorkys Hernandez
|
0-0: Ball 1-0: Ball 2-0: Called Strike 2-1: Ball 3-1: Foul Ball, location: 2F 3-2: DOUBLE (Line Drive, 78M)
|
Batting: RHB Dansby Swanson
|
0-0: Foul Ball, location: 2F 0-1: Ball 1-1: SINGLE (Line Drive, 7S) Gorkys Hernandez to third Runner from 3rd tries for Home, SAFE, throw by LF to home
|
Batting: LHB Joe Mauer
|
0-0: SINGLE (Line Drive, 9LM) Dansby Swanson to second Runner from 2nd tries for 3rd, SAFE, throw by RF made to third
|
Batting: LHB Lonnie Chisenhall
|
0-0: Ball 1-0: Called Strike 1-1: SINGLE (Line Drive, 89M) Dansby Swanson scores Joe Mauer to second
|
Batting: LHB Jesse Winker
|
0-0: Ground out 5-3 (Groundball, 56) Joe Mauer to third Lonnie Chisenhall to second
|
Batting: SHB Jurickson Profar
|
0-0: Ball 1-0: Swinging Strike 1-1: Called Strike 1-2: Ball 2-2: Ball Wild Pitch! Joe Mauer scores Lonnie Chisenhall to third 3-2: Ground out U3 (Groundball, 3)
|
Batting: RHB Albert Pujols
|
0-0: Ball 1-0: Swinging Strike 1-1: Ball 2-1: Called Strike 2-2: Ball 3-2: Base on Balls
|
Batting: RHB Giovanny Urshela
|
0-0: Foul Ball, location: 2F 0-1: Ball 1-1: Ball 2-1: Ball 3-1: Fly out, F5 (Line Drive, 5)
|
Bottom of the 1st over - 3 runs, 4 hits, 0 errors, 2 left on base; Cleveland 0 - Kansas City 3 |
TOP OF THE 2ND |
Cleveland Indians batting - Pitching for Kansas City Royals : RHP Aaron Nola
|
Batting: LHB Matt Joyce
|
0-0: Swinging Strike 0-1: Ball 1-1: Ball 2-1: Fly out, F8 (Flyball, 89D)
|
Batting: LHB Christian Yelich
|
0-0: Ball 1-0: Called Strike 1-1: Swinging Strike 1-2: Ball 2-2: Foul Ball, location: 2F 2-2: Ball 3-2: Ground out 5-3 (Groundball, 56)
|
Batting: RHB Marcus Semien
|
0-0: Called Strike 0-1: Called Strike 0-2: Foul Ball, location: 2F 0-2: Foul Ball, location: 2F 0-2: Strikes out swinging
|
Top of the 2nd over - 0 runs, 0 hits, 0 errors, 0 left on base; Cleveland 0 - Kansas City 3 |
BOTTOM OF THE 2ND |
Kansas City Royals batting - Pitching for Cleveland Indians : RHP Trevor Oaks
|
Batting: RHB Josh Phegley
|
0-0: Foul Ball, location: 2F 0-1: Called Strike 0-2: Ball 1-2: Ground out 4-3 (Groundball, 4)
|
Batting: RHB Gorkys Hernandez
|
0-0: Called Strike 0-1: Swinging Strike 0-2: Ball 1-2: Ground out 4-3 (Groundball, 4D)
|
Batting: RHB Dansby Swanson
|
0-0: Ball 1-0: Foul Ball, location: 2F 1-1: Foul Ball, location: 2F 1-2: Fly out, F2 (Popup, 23F)
|
Bottom of the 2nd over - 0 runs, 0 hits, 0 errors, 0 left on base; Cleveland 0 - Kansas City 3 |
TOP OF THE 3RD |
Cleveland Indians batting - Pitching for Kansas City Royals : RHP Aaron Nola
|
Batting: LHB Brian McCann
|
0-0: Fly out, F9 (Flyball, 9)
|
Batting: RHB Mitch Garver
|
0-0: Foul Ball, location: 2F 0-1: Ball 1-1: Ball 2-1: Fly out, F7 (Flyball, 7S)
|
Batting: LHB Jacoby Ellsbury
|
0-0: Ball 1-0: Foul Ball, location: 2F 1-1: Ball 2-1: SINGLE (Flyball, 89M)
|
Batting: RHB Jung-ho Kang
|
0-0: Ball 1-0: Ball Jacoby Ellsbury steals 2nd base 2-0: Ball 3-0: Base on Balls
|
Batting: SHB Jose Ramirez
|
0-0: Fielders Choice at 2nd, 5-4 (Groundball, 56)
|
Top of the 3rd over - 0 runs, 1 hit, 0 errors, 2 left on base; Cleveland 0 - Kansas City 3 |
BOTTOM OF THE 3RD |
Kansas City Royals batting - Pitching for Cleveland Indians : RHP Trevor Oaks
|
Batting: LHB Joe Mauer
|
0-0: Called Strike 0-1: Ball 1-1: Swinging Strike 1-2: Foul Ball, location: 2F 1-2: Fly out, F9 (Line Drive, 9)
|
Batting: LHB Lonnie Chisenhall
|
0-0: Ball 1-0: SINGLE (Groundball, 4MD)
|
Batting: LHB Jesse Winker
|
0-0: Ball 1-0: Grounds into double play, 4-6-3 (Groundball, 4)
|
Bottom of the 3rd over - 0 runs, 1 hit, 0 errors, 0 left on base; Cleveland 0 - Kansas City 3 |
TOP OF THE 4TH |
Cleveland Indians batting - Pitching for Kansas City Royals : RHP Aaron Nola
|
Batting: LHB Eric Hosmer
|
0-0: Called Strike 0-1: Swinging Strike 0-2: Ball 1-2: Foul Ball, location: 2F 1-2: Ball 2-2: Foul Ball, location: 2F 2-2: Ground out 1-3 (Groundball, 34S)
|
Batting: LHB Matt Joyce
|
0-0: Ball 1-0: Ball 2-0: Foul Ball, location: 2F 2-1: Foul Ball, location: 2F 2-2: Ball 3-2: Foul Ball, location: 2F 3-2: Foul Ball, location: 2F 3-2: Fly out, F9 (Flyball, 9S)
|
Batting: LHB Christian Yelich
|
0-0: Ball 1-0: Called Strike 1-1: Foul Ball, location: 2F 1-2: Foul Ball, location: 2F 1-2: Foul Ball, location: 2F 1-2: Ball 2-2: SINGLE (Line Drive, 4MD)
|
Batting: RHB Marcus Semien
|
0-0: Called Strike 0-1: Swinging Strike 0-2: Ball 1-2: Ball 2-2: Strikes out swinging
|
Top of the 4th over - 0 runs, 1 hit, 0 errors, 1 left on base; Cleveland 0 - Kansas City 3 |
BOTTOM OF THE 4TH |
Kansas City Royals batting - Pitching for Cleveland Indians : RHP Trevor Oaks
|
Batting: SHB Jurickson Profar
|
0-0: Swinging Strike 0-1: Called Strike 0-2: Ball 1-2: Ball 2-2: Foul Ball, location: 2F 2-2: Fly out, F8 (Flyball, 8RD)
|
Batting: RHB Albert Pujols
|
0-0: Called Strike 0-1: Foul Ball, location: 2F 0-2: Foul Ball, location: 2F 0-2: SOLO HOME RUN (Flyball, 78XD), Distance : 418 ft
|
Batting: RHB Giovanny Urshela
|
0-0: Fly out, F7 (Flyball, 7)
|
Batting: RHB Josh Phegley
|
0-0: Fly out, F7 (Flyball, 78M)
|
Bottom of the 4th over - 1 run, 1 hit, 0 errors, 0 left on base; Cleveland 0 - Kansas City 4 |
TOP OF THE 5TH |
Cleveland Indians batting - Pitching for Kansas City Royals : RHP Aaron Nola
|
Batting: LHB Brian McCann
|
0-0: Ball 1-0: Called Strike 1-1: Ball 2-1: Ground out 4-3 (Groundball, 4)
|
Batting: RHB Mitch Garver
|
0-0: Called Strike 0-1: Ball 1-1: Called Strike 1-2: Ball 2-2: Ground out 4-3 (Groundball, 4D)
|
Batting: LHB Jacoby Ellsbury
|
0-0: Swinging Strike 0-1: Ball 1-1: Ball 2-1: Reached on error, E6 (Groundball, 6M)
|
Batting: RHB Jung-ho Kang
|
0-0: Called Strike Jacoby Ellsbury steals 2nd base 0-1: Foul Ball, location: 2F 0-2: Strikes out swinging
|
Top of the 5th over - 0 runs, 0 hits, 1 error, 1 left on base; Cleveland 0 - Kansas City 4 |
BOTTOM OF THE 5TH |
Kansas City Royals batting - Pitching for Cleveland Indians : RHP Trevor Oaks
|
Batting: RHB Gorkys Hernandez
|
0-0: Ground out U3 (Groundball, 34)
|
Batting: RHB Dansby Swanson
|
0-0: Ball 1-0: Ball 2-0: Called Strike 2-1: Foul Ball, location: 2F 2-2: Ball 3-2: SINGLE (Line Drive, 6M)
|
Batting: LHB Joe Mauer
|
0-0: Ball 1-0: Swinging Strike 1-1: Ball 2-1: Foul Ball, location: 2F 2-2: Foul Ball, location: 2F 2-2: Fielders Choice at 2nd, 4-6 (Groundball, 4)
|
Batting: LHB Lonnie Chisenhall
|
0-0: Ball 1-0: SINGLE (Line Drive, 4M) Joe Mauer to second Runner from 2nd tries for 3rd, SAFE, no throw by CF
|
Batting: LHB Jesse Winker
|
0-0: Ball 1-0: Ball 2-0: Foul Ball, location: 2F 2-1: Foul Ball, location: 2F 2-2: Ball 3-2: Foul Ball, location: 2F 3-2: Fly out, F9 (Flyball, 9S)
|
Bottom of the 5th over - 0 runs, 2 hits, 0 errors, 2 left on base; Cleveland 0 - Kansas City 4 |
TOP OF THE 6TH |
Cleveland Indians batting - Pitching for Kansas City Royals : RHP Aaron Nola
|
Batting: SHB Jose Ramirez
|
0-0: Ball 1-0: Swinging Strike 1-1: Foul Ball, location: 2F 1-2: Ball 2-2: Ball 3-2: Base on Balls
|
Batting: LHB Eric Hosmer
|
0-0: Ball Jose Ramirez steals 2nd base 1-0: Called Strike 1-1: Foul Ball, location: 2F 1-2: Ground out 4-3 (Groundball, 4) Jose Ramirez to third
|
Batting: LHB Matt Joyce
|
0-0: Ball 1-0: Called Strike 1-1: SINGLE (Flyball, 7LS) Jose Ramirez scores
|
Pitching: RHP Jordan Zimmermann
|
|
Batting: LHB Christian Yelich
|
0-0: Ball 1-0: Called Strike 1-1: Called Strike 1-2: Strikes out swinging
|
Batting: RHB Marcus Semien
|
0-0: Called Strike 0-1: Ball 1-1: Foul Ball, location: 2F 1-2: Ball 2-2: Foul Ball, location: 2F 2-2: Fly out, F9 (Line Drive, 9D)
|
Top of the 6th over - 1 run, 1 hit, 0 errors, 1 left on base; Cleveland 1 - Kansas City 4 |
BOTTOM OF THE 6TH |
Kansas City Royals batting - Pitching for Cleveland Indians : RHP Trevor Oaks
|
Pitching: RHP Evan Marshall
|
|
Batting: SHB Jurickson Profar
|
0-0: Called Strike 0-1: Swinging Strike 0-2: Strikes out swinging
|
Batting: RHB Albert Pujols
|
0-0: Ball 1-0: Ball 2-0: Fly out, F5 (Popup, 5F)
|
Batting: RHB Giovanny Urshela
|
0-0: Ball 1-0: Ball 2-0: Called Strike 2-1: Swinging Strike 2-2: Ball 3-2: Fly out, F4 (Popup, 4MD)
|
Bottom of the 6th over - 0 runs, 0 hits, 0 errors, 0 left on base; Cleveland 1 - Kansas City 4 |
TOP OF THE 7TH |
Cleveland Indians batting - Pitching for Kansas City Royals : RHP Jordan Zimmermann
|
Batting: LHB Brian McCann
|
0-0: Foul Ball, location: 2F 0-1: Foul Ball, location: 2F 0-2: SINGLE (Groundball, 4D)
|
Batting: RHB Mitch Garver
|
0-0: Swinging Strike 0-1: Ball 1-1: SINGLE (Groundball, 6MD) Brian McCann to second
|
Batting: LHB Jacoby Ellsbury
|
0-0: Called Strike 0-1: Swinging Strike 0-2: Ball 1-2: Ball 2-2: Foul Ball, location: 2F 2-2: Foul Ball, location: 2F 2-2: Strikes out swinging
|
Batting: RHB Jung-ho Kang
|
0-0: Called Strike 0-1: SINGLE (Groundball, 56D) Brian McCann to third Mitch Garver to second Runner from 3rd tries for Home, SAFE, throw by LF to home
|
Batting: SHB Jose Ramirez
|
0-0: Ball 1-0: Foul Ball, location: 2F 1-1: Ball 2-1: SINGLE (Flyball, 56D) Mitch Garver to third Jung-ho Kang to second Runner from 3rd tries for Home, SAFE, throw by LF to home
|
Pitching: RHP Arodys Vizcaino
|
|
Batting: LHB Eric Hosmer
|
0-0: Ball 1-0: Called Strike 1-1: Ball 2-1: Grounds into double play, 4-6-3 (Groundball, 4)
|
Top of the 7th over - 2 runs, 4 hits, 0 errors, 1 left on base; Cleveland 3 - Kansas City 4 |
BOTTOM OF THE 7TH |
Kansas City Royals batting - Pitching for Cleveland Indians : RHP Evan Marshall
|
Batting: RHB Josh Phegley
|
0-0: Ground out 4-3 (Groundball, 4D)
|
Batting: RHB Gorkys Hernandez
|
0-0: Ball 1-0: Foul Ball, location: 2F 1-1: DOUBLE (Line Drive, 78D)
|
Batting: RHB Dansby Swanson
|
0-0: Ball 1-0: Called Strike 1-1: DOUBLE (Line Drive, 7LM) Gorkys Hernandez scores
|
Batting: LHB Joe Mauer
|
0-0: Called Strike 0-1: Ball 1-1: Foul Ball, location: 2F 1-2: SINGLE (Line Drive, 7LS) Dansby Swanson to third
|
Batting: LHB Lonnie Chisenhall
|
0-0: Called Strike 0-1: Fly out, F9 (Flyball, 9D) Runner from 3rd tags up, SCORES, no throw by RF
|
Pitching: LHP Zac Rosscup
|
|
Batting: LHB Jesse Winker
|
0-0: Fly out, F7 (Line Drive, 7)
|
Bottom of the 7th over - 2 runs, 3 hits, 0 errors, 1 left on base; Cleveland 3 - Kansas City 6 |
TOP OF THE 8TH |
Cleveland Indians batting - Pitching for Kansas City Royals : RHP Arodys Vizcaino
|
Pitching: RHP Kelvin Herrera
|
|
Batting: LHB Matt Joyce
|
0-0: Called Strike 0-1: DOUBLE (Line Drive, 89XD)
|
Batting: LHB Christian Yelich
|
0-0: Called Strike 0-1: Ball 1-1: Ball 2-1: Swinging Strike 2-2: 2-RUN HOME RUN (Flyball, 9D), Distance : 391 ft
|
Pitching: RHP Adam Ottavino
|
|
Batting: RHB Marcus Semien
|
0-0: Ball 1-0: Foul Ball, location: 2F 1-1: Ball 2-1: Ball 3-1: Called Strike 3-2: Fly out, F9 (Flyball, 9S)
|
Batting: LHB Brian McCann
|
0-0: Ball 1-0: Foul Ball, location: 2F 1-1: Called Strike 1-2: Ball 2-2: Ball 3-2: Ground out 6-3 (Groundball, 4)
|
Batting: RHB Mitch Garver
|
0-0: Ball 1-0: Ball 2-0: Called Strike 2-1: Fly out, F8 (Flyball, 8RD)
|
Top of the 8th over - 2 runs, 2 hits, 0 errors, 0 left on base; Cleveland 5 - Kansas City 6 |
BOTTOM OF THE 8TH |
Kansas City Royals batting - Pitching for Cleveland Indians : LHP Zac Rosscup
|
Batting: SHB Jurickson Profar
|
0-0: Called Strike 0-1: Called Strike 0-2: Strikes out swinging
|
Batting: RHB Albert Pujols
|
0-0: Called Strike 0-1: Ball 1-1: Foul Ball, location: 2F 1-2: Strikes out swinging
|
Batting: RHB Giovanny Urshela
|
0-0: Ball 1-0: Fly out, F8 (Flyball, 8LD)
|
Bottom of the 8th over - 0 runs, 0 hits, 0 errors, 0 left on base; Cleveland 5 - Kansas City 6 |
TOP OF THE 9TH |
Cleveland Indians batting - Pitching for Kansas City Royals : RHP Adam Ottavino
|
Pitching: RHP Paul Clemens
|
|
Batting: LHB Jacoby Ellsbury
|
0-0: SINGLE (Groundball, 3D)
|
Batting: RHB Jung-ho Kang
|
0-0: Called Strike 0-1: Foul Ball, location: 2F 0-2: Ball 1-2: Strikes out swinging
|
Batting: SHB Jose Ramirez
|
0-0: Ball Jacoby Ellsbury is caught stealing 2nd base 2-6 1-0: Ball 2-0: Called Strike 2-1: Swinging Strike 2-2: Ball 3-2: Foul Ball, location: 2F 3-2: Ground out 4-3 (Groundball, 34)
|
Top of the 9th over - 0 runs, 1 hit, 0 errors, 0 left on base; Cleveland 5 - Kansas City 6 |
|